 Dungeon Crawl Stone Soup version 0.29.0-4-gdea44cf6ec (webtiles) character file.

Game seed: 11872002014029457688

41 qw the Chopper (level 3, -7/21 HPs)
             Began as a Tengu Warper on Aug 28, 2022.
             Succumbed to a scorpion's poison
             ... on level 4 of the Dungeon.
             The game lasted 00:00:09 (1833 turns).

qw the Chopper (Tengu Warper)                       Turns: 1833, Time: 00:00:09

Health: -7/21      AC:  8    Str: 13    XL:     3   Next: 52%
Magic:  7/7        EV:  6    Int: 13    God:
Gold:   90         SH:  0    Dex: 13    Spells: 6/6 levels left

rFire   . . .      SeeInvis .   e - +0 war axe
rCold   . . .      Faith    .   (no shield)
rNeg    . . .      Spirit   .   g - +0 chain mail
rPois   .          Reflect  .   (helmet restricted)
rElec   .          Harm     .   (no cloak)
rCorr   .          Rampage  .   (no gloves)
Will    .....                   (boots unavailable)
Stlth   ..........              (no amulet)
HPRegen 0.07/turn               (no ring)
MPRegen 0.10/turn               (no ring)

@: lethally poisoned (-7 -> -45)
A: beak, talons 3
a: no special abilities


You were on level 4 of the Dungeon.
You visited 1 branch of the dungeon, and saw 3 of its levels.

You collected 90 gold pieces.


Innate Abilities, Weirdness & Mutations

You have a beak for a mouth.
You have claws for feet.


   Skills:
 - Level 2.0 Fighting
 + Level 4.2 Axes
 - Level 1.0 Throwing
 - Level 1.1 Armour
 - Level 2.1 Dodging
 - Level 2.0 Spellcasting
 - Level 2.4 Translocations


You had 6 spell levels left.
You didn't know any spells.
Your spell library contained the following spells:

 Spells                   Type           Power      Damage    Failure   Level
 Blink                    Tloc           14%        N/A       99%         2
 Gell's Gravitas          Tloc           7%         N/A       100%        3
 Lesser Beckoning         Tloc           7%         N/A       100%        3
 Teleport Other           Tloc           7%         N/A       100%        3
 Manifold Assault         Tloc           7%         N/A       100%        5

Inventory:

Hand Weapons
 e - a +0 war axe (weapon)
 h - a +0 club
Armour
 g - a +0 chain mail (worn)
Jewellery
 c - a ring of see invisible
Scrolls
 a - a scroll of noise {unknown}
 i - a scroll of amnesia {unknown}
Potions
 b - 2 potions of berserk rage {unknown}
 d - a potion of magic {unknown}
 f - a potion of mutation {unknown}

Dungeon Overview and Level Annotations

Branches:
Dungeon (2/15)

Altars:

Shops:
D:1 [


Message History

The kobold closely misses you.
You closely miss the kobold. You claw the kobold.
You kill the kobold!
You hit the goblin. The goblin hits you with a +0 club.
The goblin barely misses you.
You closely miss the goblin. You claw the goblin.
You kill the goblin!
You start resting.
HP restored.
You now have 90 gold pieces (gained 10).
i - a scroll labelled PECLU XEKUGG You open the door.
Found a stone staircase leading down.
There is an open door here.
There is a stone staircase leading down here.
As you open the door, it creaks loudly!
There is an open door here.
There is an open door here.
There is an open door here.
You open the door.
A scorpion comes into view.
Enter note: You hit the scorpion but do no damage.
The scorpion completely misses you. The scorpion stings you.
You are poisoned.
The scorpion poisons you!
You slash the scorpion! Your kick misses the scorpion.
The scorpion is moderately wounded.
You feel very sick.
The scorpion stings you but does no damage.
You slash the scorpion!
The scorpion is severely wounded.
You feel sick. The scorpion stings you.
You are more poisoned.
The scorpion poisons you! The scorpion stings you.
You are more poisoned.
The scorpion poisons you!
You hit the scorpion.
The scorpion is almost dead.
You die...

######## ######......#
#....#......#
#....#......#
#....#......# #
####..##......# .#
##.###'#.......#..##..
#......#......@s......
#......#.......#......
#..>...#.......# .....
######'###.......#
....
.#..........###### #..
.#..........# .
.#..........#
.').........#
.#).........#


You could see a scorpion.

Vanquished Creatures
  2 dart slugs
  3 ball pythons (D:1)
  4 endoplasms
  2 giant cockroaches
  7 goblins
  4 hobgoblins
  3 kobolds
  A bat (D:1)
  A frilled lizard (D:1)
  6 rats (D:1)
33 creatures vanquished.

Notes
Turn   | Place    | Note
-------+----------+-------------------------------------------
     0 | D:1      | qw the Tengu Warper began the quest for the Orb.
     0 | D:1      | Reached XP level 1. HP: 12/12 MP: 4/4
     0 | D:1      | 0 ||| qw: Version: 0.1-a-89-g26bdef1
     0 | D:1      | 0 ||| qw: Game counter: 2593
     0 | D:1      | 0 ||| qw: Always use a shield: true
     0 | D:1      | 0 ||| qw: God list: Okawaru
     0 | D:1      | 0 ||| qw: Allow faded altars: false
     0 | D:1      | 0 ||| qw: Do Orc after D:15 true
     0 | D:1      | 0 ||| qw: Do second Lair branch before Depths: true
     0 | D:1      | 0 ||| qw: Lair rune preference: random
     0 | D:1      | 0 ||| qw: Plans: Normal
     0 | D:1      | 0 ||| PLANNING D:1-11
    42 | D:1      | 42 ||| Stepping ~*~*~tactically~*~*~ (stealth).
    56 | D:1      | Found Taqonur's Armour Shop.
    63 | D:1      | 63 ||| SHOPLISTING +0 chain mail (63 gold, have 0).
    63 | D:1      | 63 ||| SHOPLISTING +0 ring mail (56 gold, have 0).
    63 | D:1      | 63 ||| SHOPLISTING +1 chain mail of willpower (231 gold,
                  | have 0).
    63 | D:1      | 63 ||| SHOPLISTING +2 plate armour of cold resistance (560
                  | gold, have 0).
    71 | D:1      | Reached XP level 2. HP: 9/17 MP: 6/6
   217 | D:1      | 217 ||| Stepping ~*~*~tactically~*~*~ (stealth).
   218 | D:1      | 218 ||| Stepping ~*~*~tactically~*~*~ (stealth).
   225 | D:1      | 225 ||| Stepping ~*~*~tactically~*~*~ (stealth).
   227 | D:1      | Reached skill level 3 in Axes
   686 | D:1      | 686 ||| Stepping ~*~*~tactically~*~*~ (hiding).
   841 | D:1      | 841 ||| Stepping ~*~*~tactically~*~*~ (stealth).
   894 | D:1      | Reached XP level 3. HP: 21/21 MP: 7/7
  1393 | D:1      | 1393 ||| UPGRADING to +0 chain mail.
  1403 | D:1      | 1403 ||| DROPPING +0 leather armour.
  1404 | D:1      | 1404 ||| READING scroll labelled XOETZIY HIANN.
  1431 | D:1      | 1431 ||| DROPPING scroll of blinking.
  1467 | D:2      | 1467 ||| Stepping ~*~*~tactically~*~*~ (hiding).
  1475 | D:2      | Reached skill level 4 in Axes
  1629 | D:2      | You fall into a shaft and drop 2 floors!
  1727 | D:4      | 1727 ||| SWAPPING to +0 war axe.
  1729 | D:4      | 1729 ||| DROPPING +0 hand axe.
  1742 | D:4      | 1742 ||| Stepping ~*~*~tactically~*~*~ (stealth).
  1825 | D:4      | Noticed a scorpion
  1832 | D:4      | HP: 3/21 [scorpion (6)]
  1833 | D:4      | Succumbed to a scorpion's poison

Levels and vault maps discovered:
D:1:      lightli_molten_gateway, layout_basic, serial_shops, shop
D:2:      layout_loops_ring, serial_shops, nicolae_shop_crystal
D:4:      layout_gridville, minmay_temple_entry_purple_smoke

Skill      XL: |  1  2  3 |
---------------+----------+-----
Axes           | 3 4 |  4.2
Fighting       | |  2.0
Throwing       | |  1.0
Armour         | |  1.1
Dodging        | |  2.1
Spellcasting   | |  2.0
Translocations | |  2.4

Action                   || total
-------------------------++-------
Melee: Hand axe          ||    60
       Kick              ||    16
       Peck              ||     8
       War axe           ||     9
       Punch             ||     1
Throw: Boomerang         ||     7
  Use: Scroll            ||     1
Armor: Leather armour    ||     7
       Chain mail        ||     5
Dodge: Dodged            ||    25

Table legend:
 A = Non-vault XP
 B = Vault XP
 C = Vault XP percentage of total XP
 D = Non-vault monster count
 E = Vault monster count
 F = Vault count percentage of total count
                 A         B        C        D         E       F
            +---------+---------+-------+---------+---------+-------
      Total |      59 |       0 |   0.0 |      33 |       0 |   0.0
            +---------+---------+-------+---------+---------+-------
        D:1 |      44 |       0 |   0.0 |      26 |       0 |   0.0
        D:2 |       4 |       0 |   0.0 |       1 |       0 |   0.0
        D:4 |      11 |       0 |   0.0 |       6 |       0 |   0.0
            +---------+---------+-------+---------+---------+-------
